 Dungeon Crawl Stone Soup version 0.22.1-2-g9c5b331 (webtiles) character file.

45 TheAlmogaver the Magician (level 3, 0/25 HPs)
             Began as a Gnoll Wizard on Dec 17, 2018.
             Slain by an ooze (5 damage)
             ... on level 3 of the Dungeon.
             The game lasted 00:11:51 (2872 turns).

TheAlmogaver the Magician (Gnoll Wizard)            Turns: 2872, Time: 00:11:52

Health: 0/25       AC:  3    Str:  9    XL:     3   Next: 64%
Magic:  4/11       EV: 14    Int: 21    God:
Gold:   67         SH:  4    Dex: 15    Spells: 5/16 levels left

rFire    . . .     SeeInvis .   (no weapon)
rCold    . . .     Gourm    .   g - +0 buckler
rNeg     . . .     Faith    .   a - +0 robe
rPois    .         Spirit   .   b - +1 hat
rElec    .         Reflect  .   (no cloak)
rCorr    .         Harm     .   (no gloves)
MR       .....                  (no boots)
Stlth    +++.......             (no amulet)
HPRegen  0.08/turn              (no ring)
MPRegen  0.12/turn              (no ring)

@: lethally poisoned (0 -> -4), very slightly contaminated
A: distributed training, fangs 1, agile 1, MP-powered wands, sturdy frame 1,
strong nose
a: no special abilities


You were on level 3 of the Dungeon.
You were not hungry.

You visited 1 branch of the dungeon, and saw 3 of its levels.

You collected 67 gold pieces.

Inventory:

Hand Weapons
 c - a +2 vampiric dagger
Armour
 a - a +0 robe (worn)
 b - a +1 hat (worn)
 g - a +0 buckler (worn)
 i - +0 ice dragon scales
Scrolls
 f - a scroll of remove curse
 h - a scroll of enchant armour
Potions
 e - 2 potions of heal wounds
Comestibles
 d - 5 rations


   Skills:
 + Level 0.8 Fighting
 + Level 0.8 Short Blades
 + Level 0.8 Long Blades
 + Level 0.8 Axes
 + Level 0.8 Maces & Flails
 + Level 0.8 Polearms
 + Level 0.8 Staves
 + Level 0.8 Slings
 + Level 0.8 Bows
 + Level 0.8 Crossbows
 + Level 0.8 Throwing
 + Level 0.8 Armour
 + Level 4.5 Dodging
 + Level 4.1 Stealth
 + Level 0.8 Shields
 + Level 0.8 Unarmed Combat
 + Level 7.1 Spellcasting
 + Level 2.1 Conjurations
 + Level 0.5 Hexes
 + Level 0.5 Charms
 + Level 2.1 Summonings
 + Level 0.5 Necromancy
 + Level 2.1 Translocations
 + Level 0.5 Transmutations
 + Level 0.5 Fire Magic
 + Level 0.5 Ice Magic
 + Level 0.5 Air Magic
 + Level 0.5 Earth Magic
 + Level 0.5 Poison Magic
 + Level 1.0 Invocations
 + Level 0.8 Evocations


You had 5 spell levels left.
You knew the following spells:

 Your Spells              Type           Power        Failure   Level  Hunger
a - Magic Dart            Conj           ###.         5%          1    None
b - Blink                 Tloc           N/A          9%          2    None
c - Call Imp              Summ           ###.....     9%          2    None
d - Conjure Flame         Conj/Fire      ##......     22%         3    None
e - Mephitic Cloud        Conj/Pois/Air  ##......     26%         3    None

Your spell library contained the following spells:

 Spells                   Type           Power        Failure   Level  Hunger
 Slow                     Hex            #.......     16%         2    None


Dungeon Overview and Level Annotations

Branches:
Dungeon (3/15)

Altars:
The Shining One

Annotations:
D:2 Sigmund


Innate Abilities, Weirdness & Mutations

Your experience applies equally to all skills.
You have very sharp teeth.
Your uncanny sense of smell can sniff out nearby items.
You are agile. (Dex +2)
You expend magic power (3 MP) to strengthen your wands.
Your movements are slightly less encumbered by armour. (ER -2)


Message History

Casting: Magic Dart (safe; 5% risk of failure)
Confirm with . or Enter, or press ? or * to list all spells.
Aiming: Magic Dart (safe; 5% risk of failure)
Press: ? - help, Shift-Dir - straight line, f/p - ooze
Aim: an ooze (severely wounded)
The magic dart hits the ooze.
The ooze is severely wounded.
The adder bites you but does no damage. The ooze hits you but does no damage.
The goblin completely misses you.
Casting: Magic Dart (safe; 5% risk of failure)
Confirm with . or Enter, or press ? or * to list all spells.
Aiming: Magic Dart (safe; 5% risk of failure)
Press: ? - help, Shift-Dir - straight line, f/p - ooze
Aim: an ooze (severely wounded)
You miscast Magic Dart.
You are very lightly contaminated with residual magic.
Your skin tingles.
* * * LOW HITPOINT WARNING * * *
You feel sick. You block the adder's attack. The ooze hits you.
You die...

#.### ##.#.. ∆ .....
#.#.## #....#
##....#####.
#...........
#...@....# #..gJS...#
###......# #...####
###....# ####.#
#######.#.#
#.........#
.##########.#########


You could see an ooze, an adder and a goblin.

Vanquished Creatures
  An adder (D:2)
  A worm (D:2)
  A dart slug (D:1)
  A leopard gecko (D:2)
  2 giant cockroaches (D:2)
  3 goblins
  5 hobgoblins
  A ball python (D:1)
  3 bats
  A frilled lizard (D:3)
  7 kobolds
  3 rats
29 creatures vanquished.

Notes
Turn   | Place    | Note
-------+----------+-------------------------------------------
     0 | D:1      | TheAlmogaver the Gnoll Wizard began the quest for the Orb.
     0 | D:1      | Reached XP level 1. HP: 13/13 MP: 8/8
   476 | D:1      | Reached XP level 2. HP: 19/19 MP: 5/10
  1429 | D:2      | Found a glowing golden altar of the Shining One.
  1481 | D:2      | Reached XP level 3. HP: 25/25 MP: 4/11
  1485 | D:2      | Learned a level 2 spell: Blink
  1488 | D:2      | Learned a level 2 spell: Call Imp
  1492 | D:2      | Learned a level 3 spell: Conjure Flame
  1496 | D:2      | Learned a level 3 spell: Mephitic Cloud
  1685 | D:2      | Gained mutation: You are agile. (Dex +2) [potion of
                  | mutation]
  1685 | D:2      | Gained mutation: Your movements are slightly less
                  | encumbered by armour. (ER -2) [potion of mutation]
  1685 | D:2      | Gained mutation: You expend magic power (3 MP) to
                  | strengthen your wands. [potion of mutation]
  1960 | D:2      | Noticed Sigmund
  2364 | D:2      | Reached skill level 1 in Invocations
  2872 | D:3      | Slain by an ooze

Skill      XL: |  1  2  3 |
---------------+----------+-----
Conjurations   | 2 |  2.1
Summonings     | 2 |  2.1
Translocations | 2 |  2.1
Invocations    | 1 |  1.0
Fighting       | |  0.8
Short Blades   | |  0.8
Long Blades    | |  0.8
Axes           | |  0.8
Maces & Flails | |  0.8
Polearms       | |  0.8
Staves         | |  0.8
Slings         | |  0.8
Bows           | |  0.8
Crossbows      | |  0.8
Throwing       | |  0.8
Armour         | |  0.8
Dodging        | |  4.5
Stealth        | |  4.1
Shields        | |  0.8
Unarmed Combat | |  0.8
Spellcasting   | |  7.1
Hexes          | |  0.5
Charms         | |  0.5
Necromancy     | |  0.5
Transmutations | |  0.5
Fire Magic     | |  0.5
Ice Magic      | |  0.5
Air Magic      | |  0.5
Earth Magic    | |  0.5
Poison Magic   | |  0.5
Evocations     | |  0.8

Action                   || total
-------------------------++-------
Melee: Unarmed           ||    12
 Cast: Magic Dart        ||    75
       Blink             ||     2
  Use: Scroll            ||     8
       Potion            ||     7
  Eat: Chunk             ||     2
       Ration            ||     1
Armor: Robe              ||     6
Dodge: Dodged            ||    33
Block: Buckler           ||     4
